 Dungeon Crawl Stone Soup version 0.21-a0-84-g85d6d27 (webtiles) character file.

7327 shitimlost the Slinger (level 11, -3/80 HPs)
             Began as a Formicid Hunter on July 7, 2017.
             Was a Priest of Hepliaklqana.
             Slain by a two-headed ogre
             ... wielding a +0 giant club
              (11 damage)
             ... on level 9 of the Dungeon on July 8, 2017.
             The game lasted 00:24:25 (8813 turns).

shitimlost the Slinger (Formicid Hunter)            Turns: 8813, Time: 00:24:26

Health: -3/80      AC: 15    Str: 24    XL:     11   Next: 35%
Magic:  0/15       EV: 10    Int: 11    God:    Hepliaklqana [***...]
Gold:   220        SH: 11    Dex: 13    Spells: 10/10 levels left

rFire    . . .     SeeInvis +   E - +0 battleaxe
rCold    . . .     Gourm    .   M - +0 shield
rNeg     . . .     Faith    .   G - +0 chain mail
rPois    .         Spirit   +   (helmet unavailable)
rElec    .         Reflect  .   B - +2 cloak
rCorr    .         Harm     .   J - +1 pair of gloves {Str+3}
MR       +....                  (no boots)
Stlth    +.........             O - amulet of guardian spirit
HPRegen  0.23/turn              w - +3 ring of strength
MPRegen  0.14/turn              (no ring)

@: no status effects
A: permanent stasis, dig shafts and tunnels, four strong arms, reduced essence,
antennae 3
a: Dig, Shaft Self, Recall Ancestor, Ancestor Identity, Transference, Renounce
Religion


You were on level 9 of the Dungeon.
You worshipped Hepliaklqana.
Hepliaklqana was most pleased with you.
You were not hungry.

You visited 1 branch of the dungeon, and saw 9 of its levels.
You also visited: Sewer.

You collected 353 gold pieces.
You spent 133 gold pieces at shops.

Inventory:

Hand Weapons
 a - a +2 hunting sling
 b - a +0 short sword
 A - a +4 quarterstaff of chaos
 E - a +0 battleaxe (weapon)
Missiles
 p - 158 stones (quivered)
 q - 19 sling bullets
Armour
 c - a +0 leather armour
 h - a scarf of resistance
 B - a +2 cloak (worn)
 F - a +0 scale mail
 G - a +0 chain mail (worn)
 J - a +1 pair of gloves of strength (worn)
 M - a +0 shield (worn)
Magical Staves
 l - an uncursed staff of poison {unknown}
 v - an uncursed staff of wizardry {unknown}
Jewellery
 w - a +3 ring of strength (left hand)
 O - an amulet of guardian spirit (around neck)
Wands
 H - a wand of digging (10/24)
 K - a wand of flame (7/48)
 P - a wand of polymorph (10/24)
 Q - a wand of acid (10/15)
Scrolls
 e - 6 scrolls of remove curse
 j - 2 scrolls of random uselessness
 t - 2 scrolls of blinking
 x - 2 scrolls of amnesia
 y - 4 scrolls of teleportation
 I - a scroll of immolation
Potions
 d - a potion of magic
 i - 4 potions of curing
 o - 2 potions of haste
 r - 2 potions of agility
 s - a potion of resistance
 u - 2 potions of flight
 D - a potion of invisibility
 N - 2 potions of might
 S - a potion of mutation {unknown}
Books
 g - a book of Power

   Spells                             Type                      Level
   a - Iskenderun's Battlesphere      Conjuration/Charms           5
   b - Venom Bolt                     Conjuration/Poison           5
   c - Bolt of Magma                  Conjuration/Fire/Earth       5
   d - Iron Shot                      Conjuration/Earth            6
   e - Orb of Destruction             Conjuration                  7
   f - Spellforged Servitor           Conjuration/Summoning        7
 L - Kikubaaqudgha's Reference Book on Sinister Arts
   (You found it on level 4 of the Dungeon)

   Spells                             Type                      Level
   a - Animate Skeleton               Necromancy                   1
Miscellaneous
 m - a lightning rod (inert)
Comestibles
 f - 8 bread rations
 n - a chunk of flesh
 z - 6 meat rations
 C - 3 royal jellies
 R - 7 fruits


   Skills:
 + Level 9.0 Fighting
 + Level 2.5 Axes
 - Level 9.1 Slings
 + Level 5.7 Armour
 - Level 4.2 Dodging
 - Level 8.0 Stealth
 + Level 8.1 Shields
 + Level 6.1 Invocations


You had 10 spell levels left.
You didn't know any spells.

Dungeon Overview and Level Annotations

Branches:
Dungeon (9/15)             Temple (0/1) D:5
   Lair: D:8-11         Orc: D:9-12

Altars:
Ashenzari
Cheibriados
Dithmenos
Hepliaklqana
Kikubaaqudgha
Makhleb
Qazlal
Ru
Sif Muna
Uskayaw
Vehumet
Wu Jian
Xom
Yredelemnul

Shops:
D:5 [   D:7 *


Innate Abilities, Weirdness & Mutations

You cannot be hasted, slowed, berserked, paralysed or teleported.
You can dig through walls and to a lower floor.
Your four strong arms can wield two-handed weapons with a shield.
You have a pair of large antennae on your head. (SInv)
Your life essence is reduced to manifest your ancestor. (-10% HP)


Message History

The two-headed ogre hits you with a giant club!
* * * LOW HITPOINT WARNING * * *
The two-headed ogre misses you.
You feel much better. The yak closely misses you.
The two-headed ogre hits you with a giant club!
The two-headed ogre hits you with a giant club.
The yak gores you!!
* * * LOW HITPOINT WARNING * * *
Wield which item (- for none, * to show all)? (? for menu, Esc to quit)
E - a +0 battleaxe (weapon)
You closely miss the yak.
The yak is severely wounded.
You hit the two-headed ogre. The yak gores you but does no damage.
The yak closely misses you. You block the two-headed ogre's attack.
The two-headed ogre closely misses you. The yak gores you but does no damage.
You slash the yak!
You kill the yak!
You hit the two-headed ogre.
You block the two-headed ogre's attack. x2
The two-headed ogre hits you with a giant club!
You die...

####### .... #.# ......#
#... ####.#
#####.#######..###....###.#
...............†(+........#
#####.########.###....#####
....#.# #.†##....#
......#########.#####.#
###.###.........O...#'##
...†R.........(.@.#....#
###.###...#####.#.#....#
#.#...#.# #...#....#
#.#.#.#.# ##..#.#+##
#.#.#.#'#### #..#.#
#.#..<.....# #..#.#
#.#.##.....# #..#.#
#.#..'.....# #..#.#
#.####.....# ##.#.#


You could see a two-headed ogre.

Vanquished Creatures
  The ghost of Parsimony the Destroyer, a novice DrCj of Sif Muna (D:9)
  A hippogriff (D:7)
  4 yaks (D:9)
  Eustachio (D:4)
  Edmund (D:4)
  Purgy (D:4)
  An ice beast (D:5)
  2 orc warriors
  A phantom (D:4)
  3 centaurs
  A big kobold (Sewer)
  Blork the orc (D:4)
  3 bullfrogs
  A gnoll sergeant (D:8)
  2 scorpions
  5 killer bees (D:9)
  3 howler monkeys (D:9)
  4 crimson imps
  2 hounds (D:6)
  Crazy Yiuf (D:2)
  3 orc wizards
  3 bullfrog skeletons
  5 worker ants
  A hound skeleton (D:6)
  A worker ant zombie (D:9)
  A howler monkey zombie (D:5)
  6 gnolls
  10 adders
  2 oozes (Sewer)
  An adder skeleton (D:5)
  6 worms
  3 leopard geckos
  16 orcs
  5 giant cockroaches
  5 goblins
  7 hobgoblins
  12 jackals
  5 quokkas
  2 ball pythons (Sewer)
  5 bats
  3 frilled lizards
  15 kobolds
  A leopard gecko zombie (D:5)
  A quokka zombie (D:7)
  13 rats
171 creatures vanquished.

Vanquished Creatures (collateral kills)
  Gastronok (D:8)
  A hippogriff (D:8)
  A hornet (D:9)
  2 sky beasts
  An ice beast (D:8)
  2 phantoms
  3 ogres
  2 centaurs (D:8)
  3 big kobolds (Sewer)
  A bullfrog (D:7)
  2 scorpions
  A centaur zombie (D:7)
  2 hounds (D:8)
  A worker ant (D:7)
  2 gnolls (D:8)
  5 adders
  2 river rats
  5 oozes (Sewer)
  2 adder zombies (D:7)
  A worm (D:4)
  6 orcs
  2 jackals (D:8)
  A quokka (D:9)
  3 ball pythons
  2 kobolds (Sewer)
  2 rats (Sewer)
56 creatures vanquished.

Vanquished Creatures (others)
  4 battlemagi
  3 ancestors
7 creatures vanquished.

Grand Total: 234 creatures vanquished

Notes
Turn   | Place    | Note
-------+----------+-------------------------------------------
     0 | D:1      | shitimlost the Formicid Hunter began the quest for the Orb.
     0 | D:1      | Reached XP level 1. HP: 16/16 MP: 1/1
   219 | D:1      | Reached XP level 2. HP: 22/23 MP: 2/2
   624 | D:1      | Reached XP level 3. HP: 28/28 MP: 3/3
   984 | D:2      | Reached XP level 4. HP: 34/34 MP: 4/4
  1072 | D:2      | Reached skill level 5 in Slings
  1150 | D:2      | Found a runed door.
  1154 | D:2      | Noticed Crazy Yiuf
  1163 | D:2      | Killed Crazy Yiuf
  1841 | D:2      | Reached XP level 5. HP: 41/41 MP: 5/5
  1856 | D:2      | Found a shadowy altar of Dithmenos.
  2320 | D:3      | Reached XP level 6. HP: 42/47 MP: 6/6
  2613 | D:4      | Found a hazy altar of Hepliaklqana.
  2615 | D:4      | Found a shimmering altar of Xom.
  2615 | D:4      | Noticed a soldier ant
  2616 | D:4      | Noticed a spectral ugly thing
  2616 | D:4      | Noticed a soldier ant
  2620 | D:4      | Became a worshipper of Hepliaklqana the Forgotten
  2651 | D:4      | Noticed Purgy
  2665 | D:4      | Killed Purgy
  2710 | D:4      | Reached XP level 7. HP: 41/48 MP: 7/7
  2749 | D:4      | Noticed Eustachio
  2770 | D:4      | Killed Eustachio
  2791 | D:4      | Noticed Edmund
  2809 | D:4      | Killed Edmund
  2838 | D:4      | Reached skill level 5 in Stealth
  2838 | D:4      | Reached XP level 8. HP: 42/54 MP: 8/8
  2939 | D:4      | Noticed Blork the orc
  2947 | D:4      | Killed Blork the orc
  2947 | D:4      | Reached skill level 5 in Fighting
  3028 | D:4      | Found a snail-covered altar of Cheibriados.
  3172 | D:4      | Found a radiant altar of Vehumet.
  3172 | D:4      | Found an ancient bone altar of Kikubaaqudgha.
  3173 | D:4      | Found a deep blue altar of Sif Muna.
  3178 | D:4      | Identified Kikubaaqudgha's Reference Book on Sinister Arts
  3219 | D:4      | Found a burning altar of Makhleb.
  3219 | D:4      | Found an ornate altar of the Wu Jian Council.
  3220 | D:4      | Found a basalt altar of Yredelemnul.
  3333 | D:5      | Entered Level 5 of the Dungeon
  3333 | D:5      | Found Oloff's Armour Boutique.
  3356 | D:5      | Bought a +0 shield for 58 gold pieces
  3608 | D:5      | Reached * piety under Hepliaklqana
  3815 | D:5      | Reached skill level 1 in Shields
  3847 | D:5      | Found a glowing drain.
  3856 | Sewer    | Entered a sewer
  4868 | D:5      | Reached XP level 9. HP: 62/62 MP: 9/9
  5148 | D:5      | Found a staircase to the Ecumenical Temple.
  5325 | D:6      | Reached ** piety under Hepliaklqana
  5326 | D:6      | Remembered your ancestor Tiberia as a battlemage
  5494 | D:6      | Found a stormy altar of Qazlal.
  6298 | D:7      | Reached skill level 5 in Shields
  6324 | D:7      | Noticed a hippogriff
  6330 | D:7      | Killed a hippogriff
  6330 | D:7      | Reached skill level 1 in Invocations
  6381 | D:7      | Reached skill level 1 in Armour
  6616 | D:7      | Reached XP level 10. HP: 71/71 MP: 11/11
  6769 | D:7      | Found a shattered altar of Ashenzari.
  6770 | D:7      | Found a sacrificial altar of Ru.
  7071 | D:7      | Found Puco's General Store.
  7078 | D:7      | Bought a scroll of enchant armour for 75 gold pieces
  7108 | D:8      | Reached *** piety under Hepliaklqana
  7145 | D:8      | Noticed Gastronok
  7164 | D:8      | Killed Gastronok
  8143 | D:8      | Reached skill level 5 in Invocations
  8346 | D:9      | Reached skill level 1 in Axes
  8346 | D:9      | Reached XP level 11. HP: 63/78 MP: 10/14
  8622 | D:9      | Noticed Parsimony's ghost (novice DrCj)
  8623 | D:9      | Reached skill level 5 in Armour
  8641 | D:9      | Killed Parsimony's ghost
  8663 | D:9      | Found a hide-covered altar of Uskayaw.
  8805 | D:9      | Noticed a two-headed ogre
  8813 | D:9      | Slain by a two-headed ogre

Vault maps used:
D:1:      lightli_arrival_maybe_door_vault
D:2:      marbit_many_paths, uniq_crazy_yiuf_cottage
D:4:      regret_index_temple_of_mockery, grunt_temple_overflow_magic_moments,
          cheibriados_altar_1, gammafunk_temple_overflow_claw, first_bread,
          uniq_eustachio, uniq_blork_the_orc, uniq_edmund, uniq_purgy
D:5:      temple_hall, portal_sewer_entry_a, serial_shops, nicolae_shop_stone
D:6:      nicolae_qazlal_general_emergency
D:7:      gammafunk_temple_overflow_statue, serial_shops, kennysheep_mini_moat
D:8:      uniq_gastronok
D:9:      eat_drink_and_be_merry_uskayaw, grunt_lair_entry_orc_guard_hut
Sewer:    sewer_co_tree

Skill      XL: |  1  2  3  4  5  6  7  8  9 10 11 |
---------------+----------------------------------+-----
Dodging        | 2 3 4 |  4.2
Stealth        | 2 3 4 5 6 8 |  8.0
Slings         | 5 6 7 8 9 |  9.1
Fighting       | 3 4 6 7 8 9 |  9.0
Shields        | 3 5 7 8 |  8.1
Invocations    | 2 5 6 |  6.1
Armour         | 1 4 5 |  5.7
Axes           | 1 2 |  2.5

Action                   |  1- 3 |  4- 6 |  7- 9 | 10-12 || total
-------------------------+-------+-------+-------+-------++-------
Melee: Quarterstaff      |       |    40 |    18 |    20 ||    78
       Battleaxe         |       |       |       |    88 ||    88
 Fire: Hunting sling     |    98 |   118 |   275 |    52 ||   543
Invok: Recall Ancestor   |       |       |     1 |     1 ||     2
       Ancestor Life: Ba |       |       |     1 |       ||     1
       Transference      |       |       |       |     1 ||     1
 Abil: Dig               |       |       |     2 |       ||     2
Evoke: Wand              |       |       |       |     3 ||     3
       Lightning rod     |       |       |       |     4 ||     4
  Use: Potion            |       |       |     1 |     3 ||     4
       Scroll            |       |       |     9 |     9 ||    18
 Stab: Sleeping          |       |     1 |     1 |       ||     2
       Distracted        |       |       |       |     1 ||     1
  Eat: Chunk             |       |     5 |     8 |     3 ||    16
       Fruit             |       |       |     4 |     4 ||     8
       Royal jelly       |       |       |     1 |       ||     1
Armor: Leather armour    |     6 |    28 |       |       ||    34
       Scale mail        |       |    14 |    42 |     1 ||    57
       Chain mail        |       |       |       |    70 ||    70
Dodge: Dodged            |    17 |    64 |    28 |    67 ||   176
Block: Shield            |       |       |    33 |    88 ||   121
